 Dungeon Crawl Stone Soup version 0.29-a0-341-g24ffce5b50 (webtiles) character file.

Game seed: 29430225528872807

76 Iusername the Shield-Bearer (level 4, -1/40 HPs)
             Began as a Minotaur Fighter on Apr 20, 2022.
             Slain by an iron imp (5 damage)
             ... summoned by Natasha
             ... on level 2 of the Dungeon.
             The game lasted 00:04:41 (1453 turns).

Iusername the Shield-Bearer (Minotaur Fighter)      Turns: 1453, Time: 00:04:42

Health: -1/40      AC:  8    Str: 24 (27) XL:     4   Next: 12%
Magic:  3/3        EV: 10    Int:  3 (5)  God:
Gold:   91         SH:  4    Dex:  8 (10) Spells: 3/3 levels left

rFire   . . .      SeeInvis .   a - +0 long sword
rCold   . . .      Faith    .   c - +0 buckler
rNeg    + . .      Spirit   .   q - +1 ring mail of Lugonu, Hurtling {Str+5}
rPois   .          Reflect  .   (helmet restricted)
rElec   .          Harm     .   (no cloak)
rCorr   .          Rampage  .   k - +0 pair of gloves
Will    .....                   (no boots)
Stlth   ..........              (no amulet)
HPRegen 0.13/turn               o - ring of positive energy
MPRegen 0.08/turn               (no ring)

@: no status effects
A: horns 2, retaliatory headbutt
a: no special abilities


You were on level 2 of the Dungeon.
You visited 1 branch of the dungeon, and saw 2 of its levels.

You collected 91 gold pieces.

Inventory:

Hand Weapons
 a - a +0 long sword (weapon)
Armour
 b - a +0 scale mail
 c - a +0 buckler (worn)
 d - a +0 plate armour
 k - a +0 pair of gloves (worn)
 q - the +1 ring mail of Lugonu, Hurtling (worn) {Str+5}
   (You found it on level 2 of the Dungeon)

   Str:       It affects your strength (+5).
Jewellery
 o - a ring of positive energy (left hand)
Scrolls
 f - a scroll of vulnerability
 n - a scroll of fear
Potions
 g - a potion of attraction {unknown}
 h - a potion of haste {unknown}
 i - a potion of degeneration
 j - a potion of resistance {unknown}
 m - a potion of heal wounds {unknown}


   Skills:
 + Level 4.2 Fighting
 + Level 3.2 Long Blades
 + Level 4.3 Armour
 + Level 0.4 Dodging
 + Level 0.3 Stealth
 + Level 4.3 Shields


You had 3 spell levels left.
You didn't know any spells.
Your spell library was empty.

Dungeon Overview and Level Annotations

Branches:
Dungeon (2/15)

Altars:

Shops:
D:1 (

Annotations:
D:2 Natasha


Innate Abilities, Weirdness & Mutations

You have a pair of horns on your head.
You reflexively headbutt those who attack you in melee.


Message History

The crimson imp disappears in a puff of smoke!
You feel your intelligence returning.
You have reached level 4!
You feel agile.
You see here a +0 plate armour.
d - a +0 plate armour
As you read the scroll labelled NIXADDAULI, it crumbles to dust.
The air around you briefly surges with heat, but it dissipates.
It was a scroll of immolation.
As you read the scroll labelled BIKKOVVEURCH, it crumbles to dust.
It is a scroll of identify.
f - a scroll of vulnerability
As you read the scroll of identify, it crumbles to dust.
n - a scroll of fear
As you read the scroll labelled TUTEPH TOYWKAM, it crumbles to dust.
You hear a loud clanging noise!
It was a scroll of noise.
You feel yourself speed up.
You see here the felid corpse of Natasha.
You start resting.
Natasha, Servant of Life and Death comes into view.
Natasha is nearby!
Natasha is nearby!
Natasha is nearby!
Natasha is nearby!
Natasha is nearby!
Natasha hisses angrily.
Natasha stares at you and mumbles some strange words.
The magic dart hits you. Natasha closely misses you.
Natasha claws you but does no damage.
Natasha mumbles some strange words.
You barely miss Natasha. Natasha claws you! The iron imp hits you!
* * * LOW HITPOINT WARNING * * *
You hit Natasha.
Natasha is lightly wounded.
Natasha claws you.
* * * LOW HITPOINT WARNING * * *
The iron imp hits you.
You die...

#.# #.......## #.#
#.......# #.# #..>....##
#.# #.)....... ####.##
#.)))...## ##.....##
#..)....# ##.......##
#.)))...## #......h..#
###.......#.
#......@..###.>..#(####.
#....†..5.##..####.#
#............## #.#
#.........#### #..
##.......## #..
#.........# ....
#..<......# ....
#.....(...# #.##.
#.........#


You could see an iron imp (summoned) and Natasha.

Vanquished Creatures
  Natasha (D:2)
  Robin (D:2)
  2 ball pythons (D:2)
  2 endoplasms
  14 goblins
  A hobgoblin (D:1)
  4 kobolds
  4 bats
  3 frilled lizards
  4 rats
36 creatures vanquished.

Notes
Turn   | Place    | Note
-------+----------+-------------------------------------------
     0 | D:1      | Iusername the Minotaur Fighter began the quest for the Orb.
     0 | D:1      | Reached XP level 1. HP: 19/19 MP: 0/0
   140 | D:1      | Found a faded altar of an unknown god.
   296 | D:1      | Found Tohatod's Weapon Shoppe.
   434 | D:1      | Reached XP level 2. HP: 27/27 MP: 1/1
  1087 | D:2      | Identified the +1 ring mail of Lugonu, Hurtling {Str+5}
  1104 | D:2      | Noticed Robin
  1113 | D:2      | Reached XP level 3. HP: 18/33 MP: 2/2
  1116 | D:2      | Killed Robin
  1398 | D:2      | Noticed Natasha
  1416 | D:2      | Killed Natasha
  1417 | D:2      | Reached XP level 4. HP: 20/40 MP: 3/3
  1445 | D:2      | Noticed Natasha
  1453 | D:2      | Slain by an iron imp

Illustrated notes

Levels and vault maps discovered:
D:1:      saegor_arrival_simple_e, layout_basic, serial_shops,
          nicolae_shop_bloodbath_and_beyond, shapermc_ecumenical_altar_petra
D:2:      layout_rooms, uniq_natasha, uniq_robin

Skill      XL: |  1  2  3 |
---------------+----------+-----
Armour         | 4 |  4.3
Fighting       | 4 |  4.2
Shields        | 4 |  4.3
Long Blades    | 3 |  3.2
Dodging        | |  0.4
Stealth        | |  0.3

Action                   |  1- 3 |  4- 6 || total
-------------------------+-------+-------++-------
Melee: Long sword        |    63 |     2 ||    65
       Headbutt          |     5 |       ||     5
  Use: Potion            |     2 |       ||     2
       Scroll            |       |     4 ||     4
Armor: Scale mail        |    22 |       ||    22
       Ring mail         |    48 |     1 ||    49
Dodge: Dodged            |    47 |     1 ||    48
Block: Buckler           |    19 |       ||    19

Table legend: (Time is in decaauts)
 A = Elapsed time spent in this place.
 B = Non-inter-level travel time spent in this place.
 C = Inter-level travel time spent in this place.
 D = Time resting spent in this place.
 E = Time spent auto-exploring this place.
 F = Levels seen in this place.
 G = Mean time per level.
                   A        B        C        D        E       F      G
               +--------+--------+--------+--------+--------+-----+--------+
         Total |   1488 |   1394 |     94 |      5 |   1076 |   2 |  744.0 |
       Dungeon |   1488 |   1394 |     94 |      5 |   1076 |   2 |  744.0 |
               +--------+--------+--------+--------+--------+-----+--------+

Top non-repeatable levels by time:
     D:1: 840 daAuts
     D:2: 648 daAuts
